| TOP OF THE 1ST |
|
Cleveland Guardians batting - Pitching for Chicago White Sox : RHP Xenophon Valvis
|
|
Pitching: RHP Xenophon Valvis
|
|
|
Batting: LHB John Harring
|
0-0: Ground out 5-3 (Groundball, 56S, EV 80.0 MPH)
|
|
Batting: RHB Christian Blue
|
0-0: Ball 1-0: Called Strike 1-1: Swinging Strike 1-2: Ball 2-2: Strikes out looking
|
|
Batting: LHB Arvin Dungca
|
0-0: Ground out 4-3 (Groundball, 4, EV 100.0 MPH)
|
| Top of the 1st over - 0 runs, 0 hits, 0 errors, 0 left on base; Cleveland 0 - Chicago 0 |
| BOTTOM OF THE 1ST |
|
Chicago White Sox batting - Pitching for Cleveland Guardians : RHP Risto Pandev
|
|
Pitching: RHP Risto Pandev
|
|
|
Batting: RHB Dieter Knoops
|
0-0: Ball 1-0: Called Strike 1-1: Ball 2-1: Foul Ball, location: 2F 2-2: Foul Ball, location: 2F 2-2: Strikes out swinging
|
|
Batting: SHB Gus Berry
|
0-0: Ball 1-0: Ball 2-0: Foul Ball, location: 2F 2-1: Ball 3-1: Foul Ball, location: 2F 3-2: Base on Balls
|
|
Batting: RHB Joseph Disepolo
|
0-0: Called Strike Pickoff Throw to First - Out! 1-3 CS 0-1: Swinging Strike 0-2: Foul Ball, location: 2F 0-2: Foul Ball, location: 2F 0-2: Ball 1-2: Ball 2-2: Strikes out looking
|
| Bottom of the 1st over - 0 runs, 0 hits, 0 errors, 0 left on base; Cleveland 0 - Chicago 0 |
| TOP OF THE 2ND |
|
Cleveland Guardians batting - Pitching for Chicago White Sox : RHP Xenophon Valvis
|
|
Batting: RHB Nick Ogle
|
0-0: Foul Ball, location: 2F 0-1: Ball 1-1: Foul Ball, location: 2F 1-2: Ball 2-2: Strikes out swinging
|
|
Batting: RHB Hiroshige Yamada
|
0-0: Ball 1-0: Swinging Strike 1-1: SOLO HOME RUN (Flyball, 8LXD, EV 97.5 MPH), Distance : 411 ft
|
|
Batting: LHB Hector Pedroso
|
0-0: Ball 1-0: Called Strike 1-1: Ball 2-1: Swinging Strike 2-2: Foul Ball, location: 2F 2-2: Reached on error, E6 (Groundball, 6, EV 101.2 MPH)
|
|
Batting: RHB Jasper Burd
|
0-0: Ball 1-0: Called Strike 1-1: Ball 2-1: Ball 3-1: Swinging Strike 3-2: Foul Ball, location: 2F 3-2: Base on Balls
|
|
Batting: RHB Rick O'Reilly
|
0-0: Called Strike 0-1: Fly out, F8 (Flyball, 8RD, EV 99.4 MPH) Runner from 2nd tags up, OUT at 3rd! 8-5
|
| Top of the 2nd over - 1 run, 1 hit, 1 error, 1 left on base; Cleveland 1 - Chicago 0 |
| BOTTOM OF THE 2ND |
|
Chicago White Sox batting - Pitching for Cleveland Guardians : RHP Risto Pandev
|
|
Batting: RHB Dietmar Warmisch
|
0-0: Called Strike 0-1: Swinging Strike 0-2: Ball 1-2: Ground out 5-3 (Groundball, 5L, EV 88.1 MPH)
|
|
Batting: RHB Brad Boals
|
0-0: Ball 1-0: Foul Ball, location: 2F 1-1: Called Strike 1-2: Ball 2-2: Ball 3-2: Base on Balls
|
|
Batting: LHB Angel Tellez
|
0-0: Ball 1-0: DOUBLE (Line Drive, 78D, EV 105.6 MPH) Brad Boals to third
|
|
Batting: RHB Chris Cooper
|
0-0: Ball 1-0: Ball 2-0: Foul Ball, location: 2F 2-1: Foul Ball, location: 2F 2-2: Ball 3-2: Base on Balls
|
|
Batting: RHB Jon Solano
|
0-0: Ball 1-0: Ball 2-0: Ball 3-0: Called Strike 3-1: Foul Ball, location: 2F 3-2: Strikes out swinging
|
|
Batting: RHB Leo Navarro
|
0-0: Ball 1-0: Ball 2-0: Ball 3-0: Base on Balls Brad Boals scores Angel Tellez to third Chris Cooper to second
|
|
Batting: RHB Dieter Knoops
|
0-0: Called Strike 0-1: Ground out 5-3 (Groundball, 56S, EV 63.8 MPH)
|
| Bottom of the 2nd over - 1 run, 1 hit, 0 errors, 3 left on base; Cleveland 1 - Chicago 1 |
| TOP OF THE 3RD |
|
Cleveland Guardians batting - Pitching for Chicago White Sox : RHP Xenophon Valvis
|
|
Batting: RHB Danny Eberhart
|
0-0: Called Strike 0-1: Ball 1-1: Called Strike 1-2: Ball 2-2: Strikes out looking
|
|
Batting: LHB John Harring
|
0-0: Ball 1-0: Fly out, F7 (Flyball, 7D, EV 109.4 MPH)
|
|
Batting: RHB Christian Blue
|
0-0: Foul Ball, location: 2F 0-1: Called Strike 0-2: Strikes out swinging
|
| Top of the 3rd over - 0 runs, 0 hits, 0 errors, 0 left on base; Cleveland 1 - Chicago 1 |
| BOTTOM OF THE 3RD |
|
Chicago White Sox batting - Pitching for Cleveland Guardians : RHP Risto Pandev
|
|
Batting: SHB Gus Berry
|
0-0: Ball 1-0: Called Strike 1-1: Swinging Strike 1-2: Ground out 4-3 (Groundball, 34, EV 95.0 MPH)
|
|
Batting: RHB Joseph Disepolo
|
0-0: Called Strike 0-1: SINGLE (Line Drive, 78S, EV 93.8 MPH)
|
|
Batting: RHB Dietmar Warmisch
|
0-0: Ball Joseph Disepolo is caught stealing 2nd base 2-4 1-0: Ball 2-0: Ball 3-0: Base on Balls
|
|
Batting: RHB Brad Boals
|
0-0: Ball 1-0: SINGLE (Line Drive, 7LS, EV 91.9 MPH) Dietmar Warmisch to second
|
|
Batting: LHB Angel Tellez
|
0-0: Ball 1-0: Called Strike 1-1: Foul Ball, location: 2F 1-2: Strikes out swinging
|
| Bottom of the 3rd over - 0 runs, 2 hits, 0 errors, 2 left on base; Cleveland 1 - Chicago 1 |
| TOP OF THE 4TH |
|
Cleveland Guardians batting - Pitching for Chicago White Sox : RHP Xenophon Valvis
|
|
Batting: LHB Arvin Dungca
|
0-0: Ball 1-0: Swinging Strike 1-1: Ball 2-1: Fly out, F8 (Flyball, 8LM, EV 79.4 MPH)
|
|
Batting: RHB Nick Ogle
|
0-0: Called Strike 0-1: Swinging Strike 0-2: Strikes out looking
|
|
Batting: RHB Hiroshige Yamada
|
0-0: Ground out 5-3 (Groundball, 5S, EV 86.2 MPH)
|
| Top of the 4th over - 0 runs, 0 hits, 0 errors, 0 left on base; Cleveland 1 - Chicago 1 |
| BOTTOM OF THE 4TH |
|
Chicago White Sox batting - Pitching for Cleveland Guardians : RHP Risto Pandev
|
|
Batting: RHB Chris Cooper
|
0-0: Foul Ball, location: 2F 0-1: Foul Ball, location: 2F 0-2: Ball 1-2: SINGLE (Groundball, 34, EV 106.2 MPH) (infield hit)
|
|
Batting: RHB Jon Solano
|
0-0: Called Strike 0-1: Ball 1-1: Foul Ball, location: 2F 1-2: Strikes out swinging
|
|
Batting: RHB Leo Navarro
|
0-0: Ball Pickoff Throw by Catcher to First - Out! 1-0: Ground out 6-3 (Groundball, 6, EV 90.6 MPH)
|
| Bottom of the 4th over - 0 runs, 1 hit, 0 errors, 0 left on base; Cleveland 1 - Chicago 1 |
| TOP OF THE 5TH |
|
Cleveland Guardians batting - Pitching for Chicago White Sox : RHP Xenophon Valvis
|
|
Batting: LHB Hector Pedroso
|
0-0: Called Strike 0-1: DOUBLE (Line Drive, 89D, EV 108.8 MPH)
|
|
Batting: RHB Jasper Burd
|
0-0: Ball 1-0: Called Strike 1-1: DOUBLE (Groundball, 3L, EV 102.5 MPH) Hector Pedroso scores
|
|
Batting: RHB Rick O'Reilly
|
0-0: Ball 1-0: Called Strike 1-1: Called Strike 1-2: Foul Ball, location: 2F 1-2: Foul Ball, location: 2F 1-2: Ground out 5-3 (Groundball, 56, EV 82.5 MPH)
|
|
Batting: RHB Danny Eberhart
|
0-0: Foul Ball, location: 2F 0-1: Ball 1-1: Ball 2-1: Foul Ball, location: 2F 2-2: Ball 3-2: Foul Ball, location: 2F 3-2: 2-RUN HOME RUN (Flyball, 78XD, EV 99.4 MPH), Distance : 400 ft
|
|
Batting: LHB John Harring
|
0-0: Ground out 1-3 (Groundball, P, EV 64.4 MPH)
|
|
Batting: RHB Christian Blue
|
0-0: Ball 1-0: Ball 2-0: Ball 3-0: Called Strike 3-1: Swinging Strike 3-2: Strikes out swinging
|
| Top of the 5th over - 3 runs, 3 hits, 0 errors, 0 left on base; Cleveland 4 - Chicago 1 |
| BOTTOM OF THE 5TH |
|
Chicago White Sox batting - Pitching for Cleveland Guardians : RHP Risto Pandev
|
|
Batting: RHB Dieter Knoops
|
0-0: Ball 1-0: Swinging Strike 1-1: Ball 2-1: Ball 3-1: Called Strike 3-2: SINGLE (Flyball, 3D, EV 85.0 MPH)
|
|
Batting: SHB Gus Berry
|
0-0: Swinging Strike 0-1: Fly out, F7 (Flyball, 78M, EV 76.2 MPH)
|
|
Batting: RHB Joseph Disepolo
|
0-0: Ball Dieter Knoops steals 2nd, throwing error, E2 Dieter Knoops to third 1-0: Foul Ball, location: 2F 1-1: Foul Ball, location: 2F 1-2: Foul Ball, location: 2F 1-2: Foul Ball, location: 2F 1-2: Ball 2-2: Ball 3-2: Strikes out looking
|
|
Batting: RHB Dietmar Warmisch
|
0-0: Ball 1-0: Called Strike 1-1: Ball 2-1: Ball 3-1: Called Strike 3-2: 2-RUN HOME RUN (Flyball, 78XD, EV 107.5 MPH), Distance : 423 ft
|
|
Batting: RHB Brad Boals
|
0-0: Ball 1-0: Ball 2-0: Called Strike 2-1: Swinging Strike 2-2: Strikes out swinging
|
| Bottom of the 5th over - 2 runs, 2 hits, 1 error, 0 left on base; Cleveland 4 - Chicago 3 |
| TOP OF THE 6TH |
|
Cleveland Guardians batting - Pitching for Chicago White Sox : RHP Xenophon Valvis
|
|
Batting: LHB Arvin Dungca
|
0-0: Called Strike 0-1: Called Strike 0-2: Ground out 5-3 (Groundball, 56, EV 84.4 MPH)
|
|
Batting: RHB Nick Ogle
|
0-0: Called Strike 0-1: Ground out 5-3 (Groundball, 5S, EV 69.4 MPH)
|
|
Batting: RHB Hiroshige Yamada
|
0-0: Called Strike 0-1: Ball 1-1: Swinging Strike 1-2: Ball 2-2: Strikes out looking
|
| Top of the 6th over - 0 runs, 0 hits, 0 errors, 0 left on base; Cleveland 4 - Chicago 3 |
| BOTTOM OF THE 6TH |
|
Chicago White Sox batting - Pitching for Cleveland Guardians : RHP Risto Pandev
|
|
Pitching: RHP Fomio Tashima
|
|
|
Batting: LHB Angel Tellez
|
0-0: Ball 1-0: Called Strike 1-1: Called Strike 1-2: Strikes out looking
|
|
Batting: RHB Chris Cooper
|
0-0: Called Strike 0-1: Swinging Strike 0-2: Strikes out swinging
|
|
Batting: RHB Jon Solano
|
0-0: SINGLE (Flyball, 4D, EV 84.4 MPH)
|
|
Batting: RHB Leo Navarro
|
0-0: Ball 1-0: Ball 2-0: Ball Jon Solano steals 2nd base 3-0: Called Strike 3-1: Base on Balls
|
|
Batting: RHB Dieter Knoops
|
0-0: Called Strike 0-1: Foul Ball, location: 2F 0-2: Ball 1-2: Ball 2-2: Foul Ball, location: 2F 2-2: Ball 3-2: Base on Balls Jon Solano to third Leo Navarro to second
|
|
Batting: SHB Gus Berry
|
0-0: Swinging Strike 0-1: Foul Ball, location: 2F 0-2: Ball 1-2: Fly out, F7 (Flyball, 78M, EV 76.2 MPH)
|
| Bottom of the 6th over - 0 runs, 1 hit, 0 errors, 3 left on base; Cleveland 4 - Chicago 3 |
| TOP OF THE 7TH |
|
Cleveland Guardians batting - Pitching for Chicago White Sox : RHP Xenophon Valvis
|
|
Batting: LHB Hector Pedroso
|
0-0: Ball 1-0: DOUBLE (Line Drive, 9LS, EV 106.2 MPH)
|
|
Batting: RHB Jasper Burd
|
0-0: Intentional Walk
|
|
Batting: RHB Rick O'Reilly
|
0-0: Called Strike 0-1: Ball 1-1: Sac Bunt to 15 - play at first, batter OUT! 1-4 Hector Pedroso to third Jasper Burd to second
|
|
Batting: RHB Danny Eberhart
|
0-0: Ball 1-0: Ball 2-0: Foul Ball, location: 2F 2-1: Ground out 6-3 (Groundball, 6, EV 89.4 MPH)
|
|
Batting: LHB John Harring
|
0-0: Called Strike 0-1: Foul Ball, location: 2F 0-2: Strikes out looking
|
| Top of the 7th over - 0 runs, 1 hit, 0 errors, 2 left on base; Cleveland 4 - Chicago 3 |
| BOTTOM OF THE 7TH |
|
Chicago White Sox batting - Pitching for Cleveland Guardians : RHP Fomio Tashima
|
|
Pitching: RHP Dennis Beals
|
|
|
Now at 2B: Danny Eberhart
|
|
|
Now at SS: Aaron Matthews
|
|
|
Batting: RHB Joseph Disepolo
|
0-0: Called Strike 0-1: Fly out, F8 (Flyball, 8RXD, EV 99.4 MPH)
|
|
Batting: RHB Dietmar Warmisch
|
0-0: SINGLE (Line Drive, 9S, EV 104.4 MPH)
|
|
Batting: RHB Brad Boals
|
|
|
Pinch Hitting: LHB Randy Rosenberry
|
0-0: Ball 1-0: Foul Ball, location: 2F 1-1: Foul Ball, location: 2F 1-2: Foul Ball, location: 2F 1-2: Hit by Pitch Dietmar Warmisch to second
|
|
Batting: LHB Angel Tellez
|
0-0: Fly out, F8 (Flyball, 8LXD, EV 91.9 MPH) Runner from 2nd tags up, SAFE at 3rd, no throw by CF
|
|
Batting: RHB Chris Cooper
|
0-0: Ball 1-0: Ball 2-0: Ball 3-0: Called Strike 3-1: Base on Balls Randy Rosenberry to second
|
|
Batting: RHB Jon Solano
|
0-0: Called Strike 0-1: Ball 1-1: Ball 2-1: Fly out, F9 (Flyball, 9, EV 93.1 MPH)
|
| Bottom of the 7th over - 0 runs, 1 hit, 0 errors, 3 left on base; Cleveland 4 - Chicago 3 |
| TOP OF THE 8TH |
|
Cleveland Guardians batting - Pitching for Chicago White Sox : RHP Xenophon Valvis
|
|
Now in CF: Randy Rosenberry
|
|
|
Now in RF: Gus Berry
|
|
|
Batting: RHB Christian Blue
|
0-0: Ball 1-0: Foul Ball, location: 2F 1-1: Foul Ball, location: 2F 1-2: Foul Ball, location: 2F 1-2: Ball 2-2: Strikes out swinging
|
|
Batting: LHB Arvin Dungca
|
0-0: Ball 1-0: Ball 2-0: SINGLE (Groundball, 25, EV 74.4 MPH) (infield hit)
|
|
Batting: RHB Nick Ogle
|
0-0: Grounds into double play, U4-3 (Groundball, 6MD, EV 104.4 MPH)
|
| Top of the 8th over - 0 runs, 1 hit, 0 errors, 0 left on base; Cleveland 4 - Chicago 3 |
| BOTTOM OF THE 8TH |
|
Chicago White Sox batting - Pitching for Cleveland Guardians : RHP Dennis Beals
|
|
Pitching: RHP Drew Rickelman
|
|
|
Batting: RHB Leo Navarro
|
0-0: Called Strike 0-1: Foul Ball, location: 2F 0-2: Ball 1-2: SINGLE (Groundball, 56D, EV 103.8 MPH)
|
|
Batting: RHB Dieter Knoops
|
0-0: Fielders Choice at 2nd, 4-6 (Groundball, 4M, EV 106.9 MPH)
|
|
Batting: SHB Gus Berry
|
0-0: Fly out, F8 (Flyball, 8LM, EV 88.1 MPH)
|
|
Batting: RHB Joseph Disepolo
|
0-0: Ball 1-0: Called Strike 1-1: Ball 2-1: Foul Ball, location: 2F 2-2: Strikes out looking
|
| Bottom of the 8th over - 0 runs, 1 hit, 0 errors, 1 left on base; Cleveland 4 - Chicago 3 |
| TOP OF THE 9TH |
|
Cleveland Guardians batting - Pitching for Chicago White Sox : RHP Xenophon Valvis
|
|
Pinch Hitting: LHB Brent Albertson
|
0-0: Ball 1-0: Ball 2-0: Called Strike 2-1: Fly out, F7 (Flyball, 78S, EV 84.4 MPH)
|
|
Batting: LHB Hector Pedroso
|
0-0: Called Strike 0-1: Ball 1-1: SINGLE (Line Drive, 4MD, EV 95.0 MPH)
|
|
Pitching: RHP Ryan Columbo
|
|
|
Batting: RHB Aaron Matthews
|
0-0: Ball 1-0: Called Strike 1-1: Ball 2-1: Foul Ball, location: 2F 2-2: Strikes out swinging
|
|
Batting: RHB Rick O'Reilly
|
0-0: Swinging Strike 0-1: Ball 1-1: Fielders Choice at 2nd, 6-4 (Groundball, 6, EV 75.6 MPH)
|
| Top of the 9th over - 0 runs, 1 hit, 0 errors, 1 left on base; Cleveland 4 - Chicago 3 |
| BOTTOM OF THE 9TH |
|
Chicago White Sox batting - Pitching for Cleveland Guardians : RHP Drew Rickelman
|
|
Pitching: LHP Katsumi Omura
|
|
|
Now at C: Nick Sharp
|
|
|
Batting: RHB Dietmar Warmisch
|
0-0: Foul Ball, location: 2F 0-1: Ball 1-1: Foul Ball, location: 2F 1-2: Strikes out looking
|
|
Batting: LHB Randy Rosenberry
|
0-0: SINGLE (Groundball, 6S, EV 65.0 MPH) (infield hit)
|
|
Batting: RHB Henri Cederberg
|
0-0: SINGLE (Line Drive, 89D, EV 108.1 MPH) Randy Rosenberry to second
|
|
Batting: RHB Chris Cooper
|
0-0: Called Strike 0-1: Called Strike 0-2: Ball 1-2: Strikes out swinging
|
|
Batting: RHB Jon Solano
|
0-0: Fly out, F8 (Flyball, 8RXD, EV 87.5 MPH)
|
| Bottom of the 9th over - 0 runs, 2 hits, 0 errors, 2 left on base; Cleveland 4 - Chicago 3 |
|